 Dungeon Crawl Stone Soup version 0.31-a0-981-geadf994542 (webtiles) character file.

Game seed: 13468714017795484643

181 promet the Covert (level 5, -3/40 HPs)
             Began as a Vampire Brigand on Oct 31, 2023.
             Killed by divine providence
             ... invoked by an orc priest
              (7 damage)
             ... on level 4 of the Dungeon.
             The game lasted 00:15:19 (2998 turns).

promet the Covert (Vampire Brigand)                 Turns: 2998, Time: 00:15:20

Health: -3/40      AC:  5    Str: 10    XL:     5   Next: 34%
Magic:  5/5        EV: 12    Int: 14    God:
Gold:   133        SH:  0    Dex: 17    Spells: 4/4 levels left

rFire   + . .        a - +3 short sword (venom)
rCold   . . .        (no shield)
rNeg    . . .        b - +0 robe
rPois   .            m - +0 helmet
rElec   .            c - +0 cloak
rCorr   .            (no gloves)
SInv    +            q - +0 pair of boots
Will    +....        (no amulet)
Stlth   ++++         g - ring of protection from fire
HPRegen 0.46/turn    o - ring of willpower
MPRegen 0.09/turn

%: no passive effects
@: healing quickly
A: alive, fangs 3, see invisible, vampiric 2
a: Exsanguinate


You were on level 4 of the Dungeon.
You visited 1 branch of the dungeon, and saw 4 of its levels.

You collected 133 gold pieces.

Inventory:

Hand Weapons
 a - a +3 short sword of venom (weapon)
 r - a +4 dagger
Missiles
 d - a poisoned dart (quivered)
 e - 3 curare-tipped darts
 h - 42 stones
Armour
 b - a +0 robe (worn)
 c - a +0 cloak (worn)
 m - a +0 helmet (worn)
 q - a +0 pair of boots (worn)
 v - a scarf of invisibility
Magical Staves
 t - a staff of death
Jewellery
 f - a ring of protection from cold
 g - a ring of protection from fire (left hand)
 k - a +5 ring of evasion
 o - a ring of willpower (right hand)
Talismans
 j - a serpent talisman
Scrolls
 i - a scroll of immolation
 n - a scroll of fog
 p - a scroll of teleportation
Potions
 s - a potion of ambrosia
 u - a potion of attraction {unknown}
 w - 2 potions of curing


   Skills:
 * Level 2.8 Fighting
 + Level 3.2 Short Blades
 + Level 1.7 Throwing
 + Level 1.5 Dodging
 + Level 8.3 Stealth
 * Level 0.3 Necromancy


You had 4 spell levels left.
You didn't know any spells.
Your spell library contained the following spells:

 Spells                   Type           Power      Damage    Failure   Level
 Gell's Gravitas          Tloc           0%         N/A       65%         3
 Teleport Other           Tloc           0%         N/A       65%         3
 Summon Ice Beast         Ice/Summ       0%         N/A       96%         4
 Summon Mana Viper        Hex/Summ       0%         N/A       100%        5
 Dispersal                Tloc           0%         N/A       100%        6
 Monstrous Menagerie      Summ           0%         N/A       100%        7


Dungeon Overview and Level Annotations

Branches:
Dungeon (4/15)
 Temple: D:4-7

Altars:

Annotations:
D:2 Natasha


Innate Abilities, Weirdness & Mutations

Your natural rate of healing is accelerated.
You have razor-sharp teeth.
You have supernaturally acute eyesight. (SInv)
You are afflicted with vampirism and can become a bat while bloodless.


Message History

Press: ? - help, Q - select action, (/) - cycle Shift-Dir - straight line, f/p - orc priest
Aim: an orc priest, wielding a +0 hand axe (heavily wounded, poisoned, 57% to hit)
You throw a poisoned dart. The poisoned dart hits the orc priest.
The orc priest looks even sicker.
The orc priest is heavily wounded.
The orc priest calls down the wrath of Beogh upon you.
Beogh smites you!
Throw: 5 darts (poison)
Press: ? - help, Q - select action, (/) - cycle Shift-Dir - straight line, f/p - orc priest
Aim: an orc priest, wielding a +0 hand axe (almost dead, poisoned, 57% to hit)
You throw a poisoned dart.
The poisoned dart closely misses the orc priest.
The orc priest looks more healthy.
The orc priest mumbles some strange prayers to Beogh against you.
Beogh smites you!
The orc priest looks encouraged for a moment.
Throw: 4 darts (poison)
Press: ? - help, Q - select action, (/) - cycle Shift-Dir - straight line, f/p - orc priest
Aim: an orc priest, wielding a +0 hand axe (almost dead, 57% to hit)
You throw a poisoned dart.
The poisoned dart barely misses the orc priest.
Throw: 3 darts (poison)
Press: ? - help, Q - select action, (/) - cycle Shift-Dir - straight line, f/p - orc priest
Aim: an orc priest, wielding a +0 hand axe (almost dead, 57% to hit)
You throw a poisoned dart. The poisoned dart hits the orc priest.
The orc priest is poisoned.
The orc priest is almost dead.
The orc priest mumbles some strange prayers to Beogh against you.
Beogh smites you!
* * * LOW HITPOINT WARNING * * *
You hear a shout!
Throw: 2 darts (poison)
Press: ? - help, Q - select action, (/) - cycle Shift-Dir - straight line, f/p - orc priest
Aim: an orc priest, wielding a +0 hand axe (almost dead, poisoned, 57% to hit)
You throw a poisoned dart. The poisoned dart hits the orc priest.
The orc priest looks even sicker.
The orc priest is almost dead.
The orc priest invokes the aid of Beogh against you.
Beogh smites you!
You die...

#..# ###....#
##..###.......
#...#.......#.
#...........##
#............#
#............#
#####............#
####..##...#†.......#
###...@..#.............
#####
#........#.............
#...#
##...................)..
##...#
#...........############
#....# #...........# #
.....#####..........##
###
........>.......o...#
##..
................(...#
###...
.....#..............#
##.....


You could see an orc priest (very poisoned).

Vanquished Creatures
  Jessica (D:2)
  An orc wizard (D:3)
  Natasha (twice) (D:2)
  An adder (D:3)
  A worm (D:3)
  A dart slug (D:2)
  5 orcs
  A bat (D:3)
  3 endoplasms
  2 giant cockroaches
  2 goblins
  8 hobgoblins
  7 jackals
  3 quokkas
  7 ball pythons
  2 frilled lizards (D:3)
  6 kobolds
  5 rats
58 creatures vanquished.

Notes
Turn   | Place    | Note
-------+----------+-------------------------------------------
     0 | D:1      | promet the Vampire Brigand began the quest for the Orb.
     0 | D:1      | Reached XP level 1. HP: 16/16 MP: 1/1
    43 | D:1      | Reached skill level 6 in Stealth
    78 | D:1      | Found a faded altar of an unknown god.
   563 | D:1      | Reached XP level 2. HP: 22/22 MP: 2/2
   632 | D:2      | Noticed Jessica
   635 | D:2      | Killed Jessica
   636 | D:2      | Reached skill level 7 in Stealth
   636 | D:2      | Gained mutation: You are afflicted with vampirism and can
                  | become a bat while bloodless. [Vampire growth]
   636 | D:2      | Reached XP level 3. HP: 27/27 MP: 3/3
   762 | D:2      | Noticed Natasha
   769 | D:2      | Killed Natasha
   855 | D:2      | Noticed Natasha
   869 | D:2      | Reached XP level 4. HP: 29/33 MP: 4/4
   909 | D:2      | Killed Natasha
  1240 | D:2      | Noticed Natasha
  1677 | D:3      | Reached skill level 8 in Stealth
  1813 | D:3      | Reached XP level 5. HP: 38/39 MP: 5/5
  2998 | D:4      | Killed from afar by an orc priest

Illustrated notes

Levels and vault maps discovered:
D:1:      minmay_arrival_diagonal_passages, layout_basic,
          hellmonk_ecumenical_altar_blasted
D:2:      layout_basic, due_unseen_surprise, uniq_jessica, uniq_natasha
D:3:      layout_loops_ring
D:4:      layout_cave_pods, mainiacjoe_overflow_small_starburst

Skill      XL: |  1  2  3  4 |
---------------+-------------+-----
Stealth        | 6 7 8 |  8.3
Fighting       | 2 |  2.8
Short Blades   | 3 |  3.2
Throwing       | |  1.7
Dodging        | |  1.5
Necromancy     | |  0.3

Action                     |  1- 3 |  4- 6 || total
---------------------------+-------+-------++-------
  Melee: Dagger            |    35 |    33 ||    68
         Bite              |     4 |    10 ||    14
         Short sword       |       |    73 ||    73
         Punch             |       |     1 ||     1
  Throw: Dart              |       |     8 ||     8
    Use: Scroll            |     3 |     8 ||    11
   Stab: Sleeping          |     8 |     6 ||    14
 Armour: Robe              |    12 |    46 ||    58
  Dodge: Dodged            |    12 |    43 ||    55

Table legend: (Time is in decaauts)
 A = Elapsed time spent in this place.
 B = Non-inter-level travel time spent in this place.
 C = Inter-level travel time spent in this place.
 D = Time resting spent in this place.
 E = Time spent auto-exploring this place.
 F = Levels seen in this place.
 G = Mean time per level.
                   A        B        C        D        E       F      G
               +--------+--------+--------+--------+--------+-----+--------+
         Total |   2975 |   2900 |     75 |    480 |    885 |   4 |  743.8 |
       Dungeon |   2975 |   2900 |     75 |    480 |    885 |   4 |  743.8 |
               +--------+--------+--------+--------+--------+-----+--------+

Top non-repeatable levels by time:
     D:3: 1151 daAuts
     D:2: 791 daAuts
     D:1: 629 daAuts
     D:4: 403 daAuts
